 Dungeon Crawl Stone Soup version 0.31-a0-202-g547052bce9 (webtiles) character file.

Game seed: 9596048747145733298

1391 qw the Skirmisher (level 8, 0/42 (46) HPs)
             Began as a Deep Elf Hunter on June 26, 2023.
             Was an Initiate of Okawaru.
             Slain by a wight
             ... wielding a +4 dire flail
              (9 damage)
             ... on level 5 of the Dungeon.
             The game lasted 00:02:04 (4143 turns).

qw the Skirmisher (Deep Elf Hunter)                 Turns: 4143, Time: 00:02:05

HP:   0/42 (46)     AC:  9    Str: 13 (14) XL:     8   Next: 40%
MP:   10/10         EV: 13    Int: 13 (14) God:    Okawaru [......]
Gold: 2131          SH:  0    Dex: 20 (23) Spells: 7/7 levels left

rFire   . . .        Y - +1 shortbow (chaos)
rCold   . . .        (shield currently unavailable)
rNeg    + . .        e - +1 ring mail
rPois   .            c - +2 helmet
rElec   .            (no cloak)
rCorr   .            (no gloves)
SInv    .            (no boots)
Will    .....        (no amulet)
Stlth   +            b - ring of positive energy
HPRegen 0.27/turn    i - +6 ring of dexterity
MPRegen 0.12/turn

%: no passive effects
@: drained
A: talons 1, strong 1
a: Renounce Religion


You were on level 5 of the Dungeon.
You worshipped Okawaru.
Okawaru was noncommittal.
You visited 2 branches of the dungeon, and saw 7 of its levels.
You also visited: Ossuary.

You collected 2251 gold pieces.
You spent 120 gold pieces at shops.


Innate Abilities, Weirdness & Mutations

You have sharp toenails.
Your muscles are strong. (Str +4, Int/Dex -1)


   Skills:
 - Level 3.1 Fighting
 + Level 12.2 Ranged Weapons
 - Level 1.6 Armour
 - Level 5.5 Dodging
 - Level 1.2 Stealth


You had 7 spell levels left.
You didn't know any spells.
Your spell library was empty.

Inventory:

Hand Weapons
 Y - a +1 shortbow of chaos (weapon)
Armour
 c - a +2 helmet (worn)
 e - a +1 ring mail (worn)
Jewellery
 b - a ring of positive energy (left hand)
 i - a +6 ring of dexterity (right hand)
Scrolls
 o - a scroll of identify
Potions
 a - 3 potions of heal wounds
 d - a potion of mutation
 g - 5 potions of curing
 h - a potion of cancellation
 j - a potion of invisibility {unknown}
 k - a potion of attraction {unknown}
 m - a potion of haste {unknown}

Dungeon Overview and Level Annotations

Branches:
Dungeon (6/15)             Temple (1/1) D:5         Ossuary (visited)

Altars:
Ashenzari
Cheibriados
Dithmenos
Elyvilon
Gozag
Hepliaklqana
Kikubaaqudgha
Makhleb
Okawaru
Qazlal
Ru
Sif Muna
Trog
Vehumet
Wu Jian
Xom
Yredelemnul
Zin
The Shining One

Shops:
D:2 ::[   D:5 *


Message History

Enter note:
Enter note:
Enter note:
Enter note:
Enter note:
Enter note: You shoot an arrow.
The arrow closely misses the wight.
A wight comes into view. It is wielding a +3 battleaxe.
A wight comes into view. It is wielding a +0 battleaxe.
You shoot an arrow.
The arrow hits the wight but does no damage.
You shoot an arrow.
The arrow hits the wight but does no damage.
The wight suddenly seems more resistant.
You shoot an arrow.
The arrow hits the wight but does no damage.
The wight easily resists.
You shoot an arrow. The arrow hits the wight.
The wight convulses.
The wight is lightly damaged.
The wight closely misses you.
The wight hits you with a +4 dire flail!
You shoot an arrow.
The arrow hits the wight but does no damage.
The wight is lightly damaged.
The wight misses you.
The wight hits you with a +4 dire flail!
You partially resist.
You feel drained.
You shoot an arrow. The arrow closely misses the wight.
The wight hits you but does no damage. x2
You shoot an arrow. The arrow barely misses the wight.
The wight hits you with a +0 battleaxe. You partially resist.
You feel drained. The wight barely misses you.
You shoot an arrow. The arrow barely misses the wight.
The wight closely misses you.
The wight hits you with a +4 dire flail!
You shoot an arrow. The arrow hits the wight.
The wight seems to speed up.
The wight is moderately damaged.
The wight hits you with a +0 battleaxe. You partially resist.
You feel drained.
The wight hits you with a +4 dire flail!
You die...

...(#.........##
....#.##...##..#
....#.##...##..#
#####..........#
#......>.....#
###.#.%)..%....####
..!...##...##......
#####.##...##..####
.............@z#
########..#.##z#
##.#.# z# #.#.# .#
#.#.# ## #....
....# #####


You could see 3 wights.

Vanquished Creatures
  Sigmund (D:3)
  A black bear (D:5)
  A phantom (D:5)
  5 elf zombies (Ossuary)
  2 hounds
  3 jellies
  2 centaur zombies (Ossuary)
  5 human zombies (Ossuary)
  An orc priest (D:4)
  2 orc wizards (D:5)
  Natasha (twice) (D:3)
  An iguana (D:5)
  3 mummies (Ossuary)
  Robin (D:3)
  4 gnolls (D:5)
  3 adders
  3 dart slugs
  15 orcs
  4 ball pythons
  3 endoplasms
  3 giant cockroaches
  14 hobgoblins
  4 quokkas
  4 bats
  16 goblins
  A hobgoblin zombie (D:4)
  3 kobolds
  An orc zombie (D:4)
  6 rats
114 creatures vanquished.

Vanquished Creatures (others)
  A ghoul (D:1)
  A minotaur (D:1)
  A demonspawn (D:1)
  A draconian (D:1)
  An octopode (D:1)
  2 merfolk (D:1)
  2 humans (D:1)
  A demigod (D:1)
  A dwarf (D:1)
  An ogre (D:1)
  A tengu (D:1)
  2 gnolls (D:1)
  5 tentacles (D:1)
20 creatures vanquished.

Grand Total: 134 creatures vanquished

Notes
Turn   | Place    | Note
-------+----------+-------------------------------------------
     0 | D:1      | qw the Deep Elf Hunter began the quest for the Orb.
     0 | D:1      | Reached XP level 1. HP: 12/12 MP: 3/3
     0 | D:1      | 0 ||| qw: Version: 0.3-a-22-g0ed2b0b
     0 | D:1      | 0 ||| qw: Game counter: 6135
     0 | D:1      | 0 ||| qw: Melee chars always use a shield: true
     0 | D:1      | 0 ||| qw: God list: Okawaru
     0 | D:1      | 0 ||| qw: Allow faded altars: false
     0 | D:1      | 0 ||| qw: Do Orc after clearing Dungeon:15 true
     0 | D:1      | 0 ||| qw: Do second Lair branch before Depths: true
     0 | D:1      | 0 ||| qw: Lair rune preference: random
     0 | D:1      | 0 ||| qw: Goals: Normal
     0 | D:1      | 0 ||| PLANNING D:1-11
     2 | D:1      | Noticed an octopode
     2 | D:1      | Noticed a merfolk
     2 | D:1      | Noticed a demigod
     2 | D:1      | Noticed a merfolk
     2 | D:1      | Noticed a ghoul
     2 | D:1      | Noticed a dwarf
     2 | D:1      | Noticed a kraken
     2 | D:1      | Noticed a demonspawn
     2 | D:1      | Noticed a minotaur
     2 | D:1      | Noticed a human
     2 | D:1      | Noticed a tengu
     2 | D:1      | Noticed a human
     2 | D:1      | Noticed a draconian
     2 | D:1      | Noticed an ogre
     4 | D:1      | Killed an octopode
     5 | D:1      | Killed a merfolk
     7 | D:1      | Killed a merfolk
     7 | D:1      | Killed a dwarf
    10 | D:1      | Killed a tengu
    10 | D:1      | Killed a human
    10 | D:1      | Killed a human
    12 | D:1      | Killed a minotaur
    12 | D:1      | Killed a demigod
    14 | D:1      | 14 ||| DROPPING scroll of butterflies.
    15 | D:1      | Killed a draconian
    15 | D:1      | Killed an ogre
    18 | D:1      | Killed a ghoul
    19 | D:1      | Killed a demonspawn
   132 | D:1      | Reached XP level 2. HP: 16/16 MP: 4/4
   136 | D:1      | Reached skill level 6 in Ranged Weapons
   328 | D:1      | 328 ||| UPGRADING to +0 ring mail.
   338 | D:1      | 338 ||| DROPPING +0 leather armour.
   339 | D:1      | 339 ||| DROPPING +6 ring of intelligence.
   340 | D:1      | 340 ||| READING 3 scrolls labelled WIFEPU LUKYEMY.
   343 | D:1      | 343 ||| READING scroll labelled POOLAWO QIDA.
   384 | D:2      | Found Zeit's Book Shop.
   599 | D:2      | Noticed a walking frostbound tome
   651 | D:2      | Found Foxiel's Book Shop.
   651 | D:2      | Noticed a walking frostbound tome
   764 | D:2      | Found Gynut's Armour Boutique.
   769 | D:2      | 769 ||| SHOPLISTING +0 pair of gloves (58 gold, have 52).
   769 | D:2      | 769 ||| SHOPLISTING +4 ring mail "Nuizajeu" {-Cast rPois
                  | rN+++ Int-4} (530 gold, have 52).
   796 | D:2      | Found a faded altar of an unknown god.
   918 | D:2      | 918 ||| UPGRADING to ring of positive energy.
   919 | D:2      | 919 ||| UPGRADING to +6 ring of dexterity.
   920 | D:2      | 920 ||| READING 2 scrolls labelled EDAEMAY UHIPSEXTA.
   921 | D:2      | 921 ||| READING scroll labelled KEASKU LOARICA.
   922 | D:2      | 922 ||| READING scroll labelled VAAPEU NICW.
   948 | D:2      | 948 ||| READING scroll labelled GOCELA QIMOIZXY.
   949 | D:2      | 949 ||| DROPPING scroll of fog.
  1073 | D:3      | Noticed Sigmund
  1082 | D:3      | HP: 4/16 [Sigmund/+0 scythe (5)]
  1084 | D:3      | 1084 ||| READING 2 scrolls of teleportation.
  1174 | D:3      | Reached XP level 3. HP: 20/20 MP: 5/5
  1227 | D:3      | Reached skill level 7 in Ranged Weapons
  1395 | D:3      | Noticed Robin
  1402 | D:3      | Reached XP level 4. HP: 9/25 MP: 6/6
  1402 | D:3      | HP: 6/25 [goblin/+0 club[Robin] (3)]
  1403 | D:3      | 1403 ||| READING scroll of teleportation.
  1404 | D:3      | HP: 1/25 [Robin/+2 dagger of holy wrath (2)]
  1509 | D:3      | 1509 ||| READING scroll labelled QEIBIV NERI.
  1510 | D:3      | 1510 ||| DRINKING 2 metallic dark potions.
  1511 | D:3      | 1511 ||| DROPPING potion of brilliance.
  1533 | D:3      | Killed Sigmund
  1534 | D:3      | Reached skill level 9 in Ranged Weapons
  1534 | D:3      | Reached XP level 5. HP: 12/29 MP: 7/7
  1688 | D:3      | 1688 ||| STAIRDANCE
  1738 | D:3      | Noticed Natasha
  1742 | D:3      | Killed Natasha
  1743 | D:3      | Reached skill level 3 in Dodging
  2088 | D:3      | Noticed Natasha
  2093 | D:3      | Killed Natasha
  2094 | D:3      | Reached XP level 6. HP: 21/35 MP: 8/8
  2199 | D:3      | Killed Robin
  2221 | D:3      | 2221 ||| UPGRADING to +0 helmet.
  2226 | D:3      | 2226 ||| DRINKING 2 glowing brown potions.
  2245 | D:4      | 2245 ||| PLANNING OSSUARY
  2323 | D:4      | Found a glowing golden altar of the Shining One.
  2428 | D:4      | You fall into a shaft and drop 2 floors!
  2429 | D:6      | 2429 ||| READING scroll labelled NAPTYB XOKHIGA.
  2430 | D:6      | 2430 ||| READING scroll labelled OCAEKHL TOUD.
  2431 | D:6      | 2431 ||| READING scroll labelled IXTOUG RIPT.
  2438 | D:5      | Entered Level 5 of the Dungeon
  2453 | D:5      | Reached skill level 10 in Ranged Weapons
  2459 | D:5      | Reached skill level 1 in Armour
  2467 | D:5      | Reached XP level 7. HP: 39/40 MP: 9/9
  2556 | D:5      | Found Juwuinin's Assorted Antiques.
  2563 | D:5      | 2563 ||| BUYING 2 potions of curing (120 gold).
  2563 | D:5      | Bought 2 potions of curing for 120 gold pieces
  2563 | D:5      | 2563 ||| SHOPLISTING bubbling inky potion (18 gold, have
                  | 8).
  2563 | D:5      | 2563 ||| SHOPLISTING fluorescent wand (80 gold, have 8).
  2563 | D:5      | 2563 ||| SHOPLISTING potion of heal wounds (100 gold, have
                  | 8).
  2563 | D:5      | 2563 ||| SHOPLISTING scroll of identify (40 gold, have 8).
  2597 | D:5      | 2597 ||| FLEEEEING.
  2598 | D:5      | 2598 ||| FLEEEEING.
  2599 | D:5      | 2599 ||| STAIRDANCE
  2821 | D:4      | Found a sand-covered staircase.
  2828 | D:4      | 2828 ||| READING scroll labelled DOMUFA DODIAKLE.
  2837 | Ossuary  | Entered an ossuary
  2879 | Ossuary  | Reached skill level 11 in Ranged Weapons
  2983 | Ossuary  | Reached skill level 12 in Ranged Weapons
  2994 | Ossuary  | Reached XP level 8. HP: 19/45 MP: 10/10
  3120 | Ossuary  | Reached skill level 3 in Fighting
  3171 | Ossuary  | 3171 ||| READING scroll labelled AFAUNU IGAUNG.
  3172 | Ossuary  | 3172 ||| READING 2 scrolls labelled XIAFRACKEN.
  3172 | Ossuary  | Identified 2 scrolls of acquirement
  3172 | Ossuary  | 3172 ||| ACQUIRING 752 gold pieces
  3172 | Ossuary  | Acquired 752 gold pieces
  3174 | Ossuary  | 3174 ||| READING scroll of acquirement.
  3174 | Ossuary  | 3174 ||| ACQUIRING 1245 gold pieces
  3174 | Ossuary  | Acquired 1245 gold pieces
  3176 | Ossuary  | 3176 ||| DRINKING 2 bubbling dark potions.
  3178 | Ossuary  | 3178 ||| Stepping ~*~*~tactically~*~*~ (cloud).
  3287 | D:4      | 3287 ||| PLANNING D:1-11
  3529 | D:4      | 3529 ||| DRINKING 2 orange potions.
  3529 | D:4      | Gained mutation: Your muscles are strong. (Str +4, Int/Dex
                  | -1) [potion of mutation]
  3529 | D:4      | Gained mutation: You have sharp toenails. [potion of
                  | mutation]
  3530 | D:4      | 3530 ||| READING 2 scrolls of identify.
  3530 | D:4      | 3530 ||| IDENTIFYING inky potion
  3531 | D:4      | 3531 ||| DROPPING potion of ambrosia.
  3595 | D:5      | Found a shimmering altar of Xom.
  3617 | D:5      | Found a sacrificial altar of Ru.
  3864 | D:5      | Found a staircase to the Ecumenical Temple.
  3865 | D:5      | 3865 ||| PLANNING TEMPLE
  3865 | D:5      | 3865 ||| READING 2 scrolls labelled NIJIWI MAXTU.
  3866 | D:5      | 3866 ||| READING 4 scrolls labelled CIS ZONOGRO.
  3867 | D:5      | 3867 ||| READING 3 scrolls of enchant armour.
  3867 | D:5      | 3867 ||| ENCHANTING +0 helmet.
  3868 | D:5      | 3868 ||| READING 2 scrolls of enchant armour.
  3868 | D:5      | 3868 ||| ENCHANTING +1 helmet.
  3869 | D:5      | 3869 ||| READING scroll of enchant armour.
  3869 | D:5      | 3869 ||| ENCHANTING +0 ring mail.
  3870 | D:5      | 3870 ||| DRINKING 2 fizzy ruby potions.
  3871 | D:5      | 3871 ||| DROPPING scroll of immolation.
  3872 | D:5      | 3872 ||| DROPPING potion of degeneration.
  3889 | Temple   | Entered the Ecumenical Temple
  3909 | Temple   | 3909 ||| PLANNING OKAWARU WORSHIP
  4104 | Temple   | Became a worshipper of Warmaster Okawaru
  4105 | Temple   | 4105 ||| PLANNING D:1-11
  4143 | D:5      | HP: 10/43 [wight/+0 battleaxe (6)]
  4143 | D:5      | Slain by a wight

Levels and vault maps discovered:
D:1:      nicolae_arrival_kraken_aquarium_b, layout_basic
D:2:      layout_loops_ring, shapermc_ecumenical_altar_acropolis, serial_shops,
          nicolae_shop_mannequins, nicolae_diamond_shop, shop
D:3:      layout_basic, uniq_natasha, uniq_robin, uniq_sigmund
D:4:      cheibrodos_greedy_goblins, layout_basic, tso_altar, enter_ossuary_3
D:5:      layout_basic, chequers_temple_overflow_statue_of_worship,
          minmay_temple_entry_stoned_glass, serial_shops, shop
D:6:      layout_cave_pools, eat_drink_and_be_merry_uskayaw, minivault_1
Temple:   eino_temple_scatter_basement

Skill      XL: |  1  2  3  4  5  6  7  8 |
---------------+-------------------------+-----
Ranged Weapons | 6 7 9 10 12 | 12.2
Dodging        | 3 4 5 |  5.5
Fighting       | 2 3 |  3.1
Armour         | 1 |  1.6
Stealth        | |  1.2

Action                     |  1- 3 |  4- 6 |  7- 9 || total
---------------------------+-------+-------+-------++-------
   Fire: Shortbow          |    90 |    81 |   216 ||   387
    Use: Scroll            |     7 |     5 |    10 ||    22
         Potion            |       |     2 |     3 ||     5
 Armour: Leather armour    |     6 |       |       ||     6
         Ring mail         |     4 |     7 |    25 ||    36
  Dodge: Dodged            |    15 |    12 |    51 ||    78

Table legend:
 A = Non-vault XP
 B = Vault XP
 C = Vault XP percentage of total XP
 D = Non-vault monster count
 E = Vault monster count
 F = Vault count percentage of total count
                 A         B        C        D         E       F
            +---------+---------+-------+---------+---------+-------
      Total |     854 |    1134 |  57.0 |      76 |      38 |  33.3
            +---------+---------+-------+---------+---------+-------
        D:1 |      28 |       0 |   0.0 |      18 |       0 |   0.0
        D:2 |      11 |       0 |   0.0 |       8 |       0 |   0.0
        D:3 |      93 |     279 |  75.0 |       7 |      10 |  58.8
        D:4 |     178 |      24 |  11.9 |      19 |      13 |  40.6
        D:5 |     544 |       0 |   0.0 |      24 |       0 |   0.0
    Ossuary |       0 |     831 | 100.0 |       0 |      15 | 100.0
            +---------+---------+-------+---------+---------+-------
